 Dungeon Crawl Stone Soup version 0.28.0-53-g5a82cb258f (webtiles) character file.

Game seed: 15313594681976105197

1314 Stomo the Conjurer (level 8, -2/30 (42) HPs)
             Began as a Vine Stalker Earth Elementalist on June 23, 2022.
             Was a Follower of Wu Jian.
             Slain by an orc warrior
             ... wielding a +2 long sword of draining
              (15 damage)
             ... on level 5 of the Dungeon.
             The game lasted 00:16:02 (5968 turns).

Stomo the Conjurer (VSEE)                           Turns: 5968, Time: 00:16:04

HP:   -2/30 (42)    AC:  6    Str: 13    XL:     8   Next: 58%
MP:   0/13          EV: 13    Int: 15    God:    Wu Jian [*.....]
Gold: 191           SH:  0    Dex: 15    Spells: 9/13 levels left

rFire   + . .      SeeInvis .   q - +0 flail
rCold   + . .      Faith    .   (no shield)
rNeg    . . .      Spirit   +   j - +2 robe {Will+}
rPois   .          Reflect  .   D - +0 helmet
rElec   .          Harm     .   i - scarf {rC+ rF+}
rCorr   .          Rampage  .   (no gloves)
Will    ++...                   k - +0 pair of boots
Stlth   ++........              (no amulet)
HPRegen 0.90/turn               (no ring)
MPRegen 0.13/turn               (no ring)

@: very heavily drained
A: fangs 3, regeneration 1, magic shield, antimagic bite, no potion heal 2
a: Renounce Religion


You were on level 5 of the Dungeon.
You worshipped Wu Jian.
Wu Jian was aware of your devotion.
You visited 1 branch of the dungeon, and saw 6 of its levels.

You collected 191 gold pieces.

Inventory:

Hand Weapons
 e - a +0 club
 q - a +0 flail (weapon)
Missiles
 c - 179 stones
 r - a throwing net
Armour
 b - a +0 robe
 d - a +0 ring mail
 i - a scarf of resistance (worn)
 j - a +2 robe of willpower (worn)
 k - a +0 pair of boots (worn)
 u - a +0 crystal plate armour
 v - a +0 leather armour
 D - a +0 helmet (worn)
Jewellery
 A - a ring of see invisible
 C - a ring of fire
Wands
 l - a wand of digging (1)
 z - a wand of paralysis (11)
Scrolls
 a - 4 scrolls of identify {unknown}
 f - 3 scrolls of teleportation {unknown}
 h - a scroll of holy word {unknown}
 n - 3 scrolls of amnesia {unknown}
 p - 2 scrolls of enchant armour {unknown}
 x - a scroll of immolation {unknown}
 y - a scroll of magic mapping {unknown}
Potions
 g - a potion of haste {unknown}
 m - a potion of ambrosia {unknown}
 o - a potion of curing {unknown}
 s - 3 potions of degeneration {unknown}
 t - a potion of heal wounds {unknown}
 w - a potion of flight {unknown}
 B - 2 potions of resistance {unknown}


   Skills:
 + Level 4.1 Fighting
 + Level 4.3 Maces & Flails
 + Level 4.2 Dodging
 - Level 2.4 Stealth
 - Level 3.0 Spellcasting
 - Level 4.5 Conjurations
 - Level 1.0 Transmutations
 - Level 3.5 Earth Magic


You had 9 spell levels left.
You knew the following spells:

 Your Spells              Type           Power      Damage    Failure   Level
a - Sandblast             Erth           24%        2d8       4%          1
b - Stone Arrow           Conj/Erth      28%        3d8       12%         3

Your spell library contained the following spells:

 Spells                   Type           Power      Damage    Failure   Level
 Passwall                 Tmut/Erth      7%         N/A       12%         2
 Blink                    Tloc           4%         N/A       30%         2
 Sublimation of Blood     Necr           2%         N/A       30%         2
 Call Canine Familiar     Summ           2%         N/A       52%         3
 Lesser Beckoning         Tloc           2%         N/A       52%         3
 Portal Projectile        Hex/Tloc       4%         N/A       52%         3
 Petrify                  Tmut/Erth      9%         N/A       61%         4
 Leda's Liquefaction      Hex/Erth       3%         N/A       67%         4
 Irradiate                Conj/Tmut      5%         3d15      87%         5
 Manifold Assault         Tloc           2%         N/A       99%         5


Dungeon Overview and Level Annotations

Branches:
Dungeon (6/15)             Temple (0/1) D:5

Altars:
Nemelex Xobeh
Okawaru
Vehumet
Wu Jian
Xom


Innate Abilities, Weirdness & Mutations

You have razor-sharp teeth.
Your natural rate of healing is unusually fast.
When hurt, damage is shared between your health and your magic reserves.
Your bite disrupts and absorbs the magic of your enemies.
Potions cannot restore your health.


Message History

The orc warrior is moderately wounded.
The orc warrior hits you with a +2 long sword of draining!
You feel drained.
Casting: Stone Arrow (quite dangerous; 12% risk of failure)
Confirm with . or Enter, or press ? or * to list all spells.
The spell is quite dangerous to miscast (12% risk of failure)!
Continue anyway? [Y]es or [N]o only, please.
The spell is quite dangerous to miscast (12% risk of failure)!
Continue anyway?
Okay, then.
An orc warrior is nearby!
You closely miss the orc warrior.
The orc warrior is lightly wounded.
The orc warrior hits you with a +2 long sword of draining!
You feel drained.
Unknown command.
You hit the orc warrior.
The orc warrior is moderately wounded.
The orc warrior hits you with a +2 long sword of draining.
You feel drained.
You hit the orc warrior.
You bite the orc warrior, but do no damage.
The orc warrior is moderately wounded.
The orc warrior barely misses you.
Casting: Stone Arrow (quite dangerous; 12% risk of failure)
Confirm with . or Enter, or press ? or * to list all spells.
The spell is quite dangerous to miscast (12% risk of failure)!
Continue anyway?
Aiming: Stone Arrow (quite dangerous; 12% risk of failure)
Press: ? - help, Shift-Dir - straight line, f - orc warrior
Aim: an orc warrior, wielding a +2 long sword of draining and wearing a +0 chain mail (moderately wounded, 64% to hit)
The stone arrow hits the orc warrior!
The orc warrior is severely wounded.
The orc warrior hits you with a +2 long sword of draining!
You feel drained.
You closely miss the orc warrior. Your bite misses the orc warrior.
The orc warrior is severely wounded.
The orc warrior hits you with a +2 long sword of draining.
You feel drained.
The orc warrior hits you with a +2 long sword of draining!
Ouch! That really hurt!
You die...

#...#....##....÷.........#
#........................##
'......^.......#..........#
##...#.........##.........#
#....#................#..##
#..#.......#...####...#..#
...#.......#..##........###
##.###.....##..#.o##......#####
....#......##.##@.##.......##.#
.#.......##......##...........##
.#.............................#
...##.....#....#............#.##
...#...........##.........###.#
.#....###.>.....###.."....##..#
.#.#..##..÷....####...........#
.####.............#..........##
............................##


You could see an orc warrior.

Vanquished Creatures
  Grinder (D:3)
  Sigmund (D:2)
  A black bear (D:6)
  A sky beast (D:4)
  A phantom (D:4)
  3 scorpions
  A centaur zombie (D:5)
  A bullfrog skeleton (D:6)
  3 hounds
  Jessica (D:2)
  3 iguanas
  Ijyb (D:3)
  An orc wizard (D:3)
  2 hound skeletons
  Robin (D:3)
  4 gnolls
  4 adders
  An adder skeleton (D:4)
  4 worms
  3 dart slugs
  8 orcs
  11 ball pythons
  3 bats
  6 endoplasms
  2 giant cockroaches
  10 goblins
  5 hobgoblins
  4 jackals
  4 kobolds
  4 quokkas
  3 frilled lizards
  6 rats
104 creatures vanquished.

Notes
Turn   | Place    | Note
-------+----------+-------------------------------------------
     0 | D:1      | Stomo the Vine Stalker Earth Elementalist began the quest
                  | for the Orb.
     0 | D:1      | Reached XP level 1. HP: 9/9 MP: 4/4
   149 | D:1      | Reached XP level 2. HP: 13/13 MP: 3/6
   729 | D:1      | Reached XP level 3. HP: 16/16 MP: 1/8
   733 | D:1      | Learned a level 3 spell: Stone Arrow
  1066 | D:2      | Noticed Jessica
  1356 | D:2      | Reached skill level 1 in Conjurations
  1495 | D:2      | Killed Jessica
  1496 | D:2      | Gained mutation: Your natural rate of healing is unusually
                  | fast. [Vine Stalker growth]
  1496 | D:2      | Reached XP level 4. HP: 21/21 MP: 1/9
  1579 | D:2      | Noticed Sigmund
  1592 | D:2      | Killed Sigmund
  1593 | D:2      | Reached XP level 5. HP: 12/24 MP: 1/10
  1593 | D:2      | Reached XP level 6. HP: 15/28 MP: 1/11
  2092 | D:2      | Found a faded altar of an unknown god.
  2102 | D:3      | Noticed Ijyb
  2294 | D:3      | Reached skill level 1 in Maces & Flails
  2320 | D:3      | Killed Ijyb
  2399 | D:3      | Reached skill level 1 in Fighting
  2598 | D:3      | Noticed Grinder
  2626 | D:3      | Killed Grinder
  2627 | D:3      | Reached XP level 7. HP: 18/35 MP: 0/12
  3055 | D:3      | Found an ornate altar of the Wu Jian Council.
  3108 | D:3      | Became a worshipper of the Wu Jian Council
  3109 | D:3      | Noticed Robin
  3156 | D:3      | Killed Robin
  3642 | D:4      | Found a radiant altar of Vehumet.
  3917 | D:4      | Gained mutation: You have razor-sharp teeth. [Vine Stalker
                  | growth]
  3917 | D:4      | Reached XP level 8. HP: 40/40 MP: 3/13
  4092 | D:4      | Found a sparkling altar of Nemelex Xobeh.
  4902 | D:5      | Entered Level 5 of the Dungeon
  4986 | D:5      | Found an iron altar of Okawaru.
  5238 | D:5      | Found a staircase to the Ecumenical Temple.
  5275 | D:5      | Reached * piety under Wu Jian
  5715 | D:6      | Found a shimmering altar of Xom.
  5968 | D:5      | Slain by an orc warrior

Illustrated notes

Levels and vault maps discovered:
D:1:      beargit_arrival_diablo_church, layout_basic
D:2:      layout_basic, hellmonk_ecumenical_altar_leap_of_faith, uniq_sigmund,
          uniq_jessica
D:3:      layout_rooms, nicolae_wu_jian_glorious_leap, minmay_misc_feat_doors,
          minivault_11, grunt_ministairs_10, uniq_ijyb, uniq_grinder, uniq_robin
D:4:      layout_loops_ring, lemuel_doored_altar, nicolae_vehumet_altar_sigil
D:5:      layout_cave_pools, mainiacjoe_overflow_concentric_impassable,
          minmay_temple_entry_hall
D:6:      layout_basic, mainiacjoe_overflow_six_doors_small

Skill      XL: |  1  2  3  4  5  6  7  8 |
---------------+-------------------------+-----
Spellcasting   | 3 |  3.0
Conjurations   | 2 4 |  4.5
Maces & Flails | 2 3 4 |  4.3
Fighting       | 2 3 4 |  4.1
Dodging        | 2 3 4 |  4.2
Stealth        | |  2.4
Transmutations | |  1.0
Earth Magic    | |  3.5

Action                   |  1- 3 |  4- 6 |  7- 9 || total
-------------------------+-------+-------+-------++-------
Melee: Unarmed           |     1 |       |       ||     1
       Club              |     8 |    48 |    25 ||    81
       Bite              |     4 |    11 |    18 ||    33
       Flail             |       |       |    37 ||    37
 Cast: Sandblast         |    37 |     2 |     8 ||    47
       Stone Arrow       |     5 |    29 |    71 ||   105
Invok: Lunge             |       |       |     2 ||     2
       Whirlwind         |       |       |     1 ||     1
 Stab: Distracted        |       |       |     1 ||     1
Armor: Robe              |     2 |    16 |    17 ||    35
Dodge: Dodged            |    11 |    27 |    66 ||   104
